 Seeded DCSS version 0.28-a0-662-g1651b1f1e0 (webtiles) character file.

Game seed: 20211015 (custom seed)

149363 a11behringer the Shatterer (level 17, -2/115 HPs)
             Began as a Gargoyle Fighter on Oct 15, 2021.
             Was the Champion of Okawaru.
             Slain by a snapping turtle (12 damage)
             ... on level 3 of the Shoals.
             The game lasted 02:14:13 (26272 turns).

a11behringer the Shatterer (Gargoyle Fighter)      Turns: 26272, Time: 02:14:14

Health: -2/115     AC: 45    Str: 33    XL:     17   Next: 51%
Magic:  21/21      EV:  9    Int: 16    God:    Okawaru [******]
Gold:   2028       SH: 14    Dex: 24    Spells: 16/16 levels left

rFire   + + .      SeeInvis .   S - +7 demon whip of Dung {freeze, Fragile rF+ Will+ Int+4}
rCold   + . .      Faith    .   A - +2 buckler {rPois}
rNeg    + . .      Spirit   .   T - +5 plate armour {rF+}
rPois   ∞          Reflect  +   N - +2 helmet {Int+3}
rElec   +          Harm     .   H - +0 cloak
rCorr   .          Rampage  .   X - +0 pair of gloves
Will    ++...                   E - +2 pair of boots {Fly}
Stlth   ..........              y - amulet of Equivalence {Reflect Str+2 Dex+7 SH+5 Stlth-}
HPRegen 0.29/turn               e - ring "Sim Tott" {rC+ Str+6}
MPRegen 0.17/turn               U - +6 ring of dexterity

@: about to teleport, flying
A: sickness immunity, AC +12, big wings, negative energy resistance 1,
electricity resistance, torment resistance 1, petrification resistance
a: Renounce Religion, Heroism, Finesse, Duel


You were on level 3 of the Shoals.
You worshipped Okawaru.
Okawaru was exalted by your worship.
You visited 5 branches of the dungeon, and saw 27 of its levels.
You also visited: Ice Cave.

You collected 3050 gold pieces.
You spent 1022 gold pieces at shops.

Inventory:

Hand Weapons
 l - a +2 shortbow of flaming
 n - the +5 whip "Saoskono" {drain, rElec Str-2 SInv}
   (You found it on level 14 of the Dungeon)

   A truly terrible weapon, it drains the life of any living foe it strikes.
   Str:       It affects your strength (-2).
   rElec:     It insulates you from electricity.
   SInv:      It lets you see invisible.
 D - a +1 longbow of freezing
 I - the +4 shortbow "Piesirai" {venom, rF+ rC++ Int+7}
   (Okawaru gifted it to you on level 3 of the Shoals)

   Any ammunition fired from it poisons the flesh of those it strikes.
   Int:       It affects your intelligence (+7).
   rF:        It protects you from fire.
   rC:        It greatly protects you from cold.
 S - the +7 demon whip of Dung (weapon) {freeze, Fragile rF+ Will+ Int+4}
   (Okawaru gifted it to you on level 14 of the Dungeon)

   It freezes those it strikes, dealing additional cold damage.
   It can also slow down cold-blooded creatures.
   Int:       It affects your intelligence (+4).
   rF:        It protects you from fire.
   Fragile:   It will be destroyed if unequipped.
   Will:      It increases your willpower.
Missiles
 d - 733 arrows
Armour
 A - a +2 buckler of poison resistance (worn)
 E - a +2 pair of boots of flying (worn)
 H - a +0 cloak (worn)
 N - a +2 helmet of intelligence (worn)
 T - a +5 plate armour of fire resistance (worn)
 X - a +0 pair of gloves (worn)
Jewellery
 b - a ring of positive energy
 c - a ring of willpower
 e - the ring "Sim Tott" (left hand) {rC+ Str+6}
   (You found it on level 10 of the Dungeon)

   [ring of strength]

   Str:       It affects your strength (+6).
   rC:        It protects you from cold.
 f - a ring of resist corrosion
 j - a ring of positive energy
 q - an amulet of regeneration
 y - the amulet of Equivalence (around neck) {Reflect Str+2 Dex+7 SH+5 Stlth-}
   (You found it in an ice cave)

   [amulet of reflection]

   It reflects blocked missile attacks.
   Str:       It affects your strength (+2).
   Dex:       It affects your dexterity (+7).
   SH:        It affects your SH (+5).
   Stlth:     It makes you less stealthy.
 C - a ring of protection from fire
 U - a +6 ring of dexterity (right hand)
 V - a +4 ring of evasion
 Z - a ring of protection from cold
Wands
 r - a wand of flame (90)
 s - a wand of polymorph (7)
 w - a wand of mindburst (22)
 G - a wand of iceblast (40)
 O - a wand of paralysis (4)
 Q - a wand of digging (15)
Scrolls
 a - 8 scrolls of identify
 h - a scroll of amnesia
 i - 3 scrolls of fear
 k - 3 scrolls of brand weapon
 o - 4 scrolls of magic mapping
 t - 10 scrolls of teleportation
 v - a scroll of holy word
 F - 3 scrolls of enchant weapon
 M - 6 scrolls of blinking
 R - 3 scrolls of fog
Potions
 g - 5 potions of curing
 p - 2 potions of haste
 u - a potion of brilliance
 z - a potion of resistance
 B - 4 potions of magic
 J - 4 potions of cancellation
 K - 2 potions of heal wounds
 P - 5 potions of invisibility
 W - 2 potions of might
Miscellaneous
 m - a condenser vane
 x - a phial of floods
 L - a tin of tremorstones (2/2)


   Skills:
 + Level 16.0 Fighting
 * Level 21.0 Maces & Flails
 - Level 6.4 Bows
 + Level 15.4 Armour
 - Level 0.8 Dodging
 - Level 5.7 Shields
 + Level 6.3 Invocations
 - Level 6.1 Evocations


You had 16 spell levels left.
You didn't know any spells.
Your spell library contained the following spells:

 Spells                   Type           Power      Damage    Failure   Level
 Beastly Appendage        Tmut           0%         N/A       75%         1
 Magic Dart               Conj           0%         1d3       75%         1
 Sandblast                Erth           0%         2d4       75%         1
 Sting                    Tmut/Pois      0%         1d3       75%         1
 Corpse Rot               Necr/Air       N/A        N/A       86%         2
 Passwall                 Tmut/Erth      0%         N/A       86%         2
 Poisonous Vapours        Pois/Air       0%         N/A       86%         2
 Searing Ray              Conj           0%         2d4       86%         2
 Static Discharge         Conj/Air       0%         N/A       86%         2
 Wereblood                Tmut           0%         N/A       86%         2
 Inner Flame              Hex/Fire       0%         N/A       98%         3
 Portal Projectile        Hex/Tloc       0%         N/A       98%         3
 Spider Form              Tmut/Pois      0%         N/A       98%         3
 Stone Arrow              Conj/Erth      0%         3d7       98%         3
 Cause Fear               Hex            0%         N/A       100%        4
 Dispel Undead            Necr           0%         3d6       100%        4
 Fulminant Prism          Conj/Hex       0%         3d6       100%        4
 Leda's Liquefaction      Hex/Erth       0%         N/A       100%        4
 Olgreb's Toxic Radiance  Pois           0%         N/A       100%        4
 Sticky Flame             Conj/Fire      0%         2d3       100%        4
 Alistair's Intoxication  Tmut/Pois      0%         N/A       100%        5
 Borgnjor's Vile Clutch   Necr/Erth      0%         N/A       100%        5
 Dispersal                Tloc           0%         N/A       100%        6
 Eringya's Noxious Bog    Tmut/Pois      0%         N/A       100%        6
 Borgnjor's Revivificati  Necr           0%         N/A       100%        8
 Discord                  Hex            0%         N/A       100%        8
 Disjunction              Tloc           0%         N/A       100%        8
 Necromutation            Tmut/Necr      0%         N/A       100%        8
 Death's Door             Necr           0%         N/A       100%        9
 Call Canine Familiar     Summ           Unusable   N/A       N/A         3
 Summon Forest            Summ/Tloc      Unusable   N/A       N/A         5
 Summon Hydra             Summ           Unusable   N/A       N/A         7

Dungeon Overview and Level Annotations

Branches:
Dungeon (15/15)            Temple (0/1) D:4            Lair (6/6) D:8
 Shoals (3/4) Lair:4        Snake (0/4) Lair:4        Slime (0/5) Lair:6
    Orc (2/2) D:12            Elf (1/3) Orc:2        Vaults (0/5) D:13
 Depths (0/4) D:15          IceCv (visited)

Altars:
Elyvilon
Kikubaaqudgha
Makhleb
Nemelex Xobeh
Okawaru
Trog
Wu Jian
Zin
The Shining One
Beogh

Shops:
D:1 :   D:5 (   D:6 :   D:12 (   D:14 (   Orc:2 *=*=?(

Portals:
Abyss: Lair:2

Annotations:
Shoals:3 Mara


Innate Abilities, Weirdness & Mutations

You are immune to sickness and miasma.
Your stone body is resilient. (AC +12)
You are immune to poison.
Your large and strong wings let you fly.
You resist negative energy. (rN+)
You are resistant to electric shocks. (rElec)
You are resistant to unholy torment.
You are immune to petrification.


Message History

The net rips apart, and the merfolk comes free!
You block the snapping turtle's attack.
You hit Mara. You freeze Mara.
Mara is moderately wounded.
You block Mara's attack.
The merfolk throws a throwing net.
The throwing net hits you.
You become entangled in the net!
You struggle against the net.
The snapping turtle bites you but does no damage.
A merfolk comes into view. It is wielding a +0 spear.
Mara hits you but does no damage. x2
You tear a large gash into the net.
The merfolk shouts!
The snapping turtle bites you but does no damage.
Mara hits you with a +0 vampiric demon blade.
* * * LOW HITPOINT WARNING * * *
Mara gestures at you. The bolt of fire hits you. You resist.
* * * LOW HITPOINT WARNING * * *
You feel much better.
The snapping turtle bites you but does no damage.
The merfolk hits you but does no damage.
Mara says, "Bound art thou by all the snares!"
Mara hits you with a +0 vampiric demon blade!!
* * * LOW HITPOINT WARNING * * *
Mara hits you but does no damage.
As you read the scroll of teleportation, it crumbles to dust.
You feel strangely unstable.
Mara splashes around in the water.
The snapping turtle closely misses you.
The merfolk hits you from afar with a +0 trident.
* * * LOW HITPOINT WARNING * * *
Mara hits you but does no damage.
Mara hits you with a +0 vampiric demon blade.
* * * LOW HITPOINT WARNING * * *
You rip the net and break free!
A merfolk impaler comes into view. It is wielding a +1 trident of venom.
Mara gestures at you. The bolt of fire hits you! You resist.
* * * LOW HITPOINT WARNING * * *
The snapping turtle bites you!
You die...

≈≈≈≈..##.#..≈≈≈≈≈
≈≈≈≈.....#.≈≈≈≈≈≈
≈≈≈≈≈≈.≈...≈≈§≈≈≈
≈≈≈≈≈≈≈≈≈≈≈≈.≈≈≈≈
≈≈≈≈≈≈≈≈≈≈≈§≈≈≈≈≈≈
≈≈≈≈≈≈≈≈§m≈≈≈≈≈≈≈≈
≈≈≈≈≈≈≈≈§≈≈≈≈≈≈≈≈≈
≈≈≈≈≈≈≈≈R@≈≈≈≈≈≈≈≈≈
≈≈≈≈≈≈≈≈≈RRt≈≈≈≈≈≈≈≈
≈≈≈≈≈≈≈≈≈≈≈)m≈≈≈≈≈≈≈
≈≈≈≈≈≈≈≈≈)≈)†≈≈≈≈≈≈≈
≈≈≈≈≈≈≈≈≈≈†)≈)≈≈≈≈≈≈
≈≈≈≈≈≈≈≈≈≈≈≈≈≈≈..≈≈≈
≈≈≈≈≈≈≈≈≈≈≈≈≈≈(..m.≈
≈≈≈≈≈≈≈≈≈≈≈≈≈.####..
≈≈≈≈≈≈≈≈≈≈≈≈≈≈..# .


You could see 3 Maras, a merfolk impaler (wandering), a snapping turtle and 2
merfolk.

Vanquished Creatures
  Mlioglotl (Shoals:2)
  Rupert (Orc:2)
  Gastronok (D:10)
  Frances (D:12)
  A ghoul (D:15)
  A very ugly thing (Lair:2)
  A juggernaut skeleton (D:15)
  The ghost of Sorchofoz the Nimble, a journeyman OpBe of Trog (Lair:5)
  A fire dragon (Lair:6)
  A merfolk impaler (Shoals:2)
  Josephine (D:14)
  The ghost of Upleoris the Bludgeoner, a journeyman TrMo (Lair:2)
  3 boulder beetles (D:14)
  14 hydras
  An ice dragon (D:14)
  Fannar (Orc:1)
  2 rakshasas
  Erica (Lair:2)
  An ogre mage (D:14)
  2 ironbound frosthearts (IceCv)
  A merfolk aquamancer (Shoals:1)
  An alligator snapping turtle (Shoals:2)
  5 centaur warriors
  A catoblepas (Lair:4)
  2 dancing weapons (D:13)
  A death knight (D:13)
  5 two-headed ogres
  A vampire mage (D:15)
  6 death yaks (IceCv)
  6 tengu warriors
  A thrashing horror (Lair:2)
  3 orc high priests (Orc:2)
  13 skeletal warriors
  A storm dragon skeleton (D:15)
  7 sea snakes
  3 deep elf archers (Elf:1)
  The ghost of AttackTheMoon the Ducker, a novice TeDe of Ashenzari (D:7)
  A swamp dragon (Lair:6)
  5 harpies (Shoals:2)
  A harpy (shapeshifter) (D:14)
  A wizard (D:14)
  Pikel (D:7)
  7 orc sorcerers
  5 orc knights
  3 deep elf pyromancers
  2 deep elf zephyrmancers
  A necromancer (D:15)
  13 ugly things
  8 cyclopes
  3 merfolk sirens
  A worldbinder (Lair:2)
  8 fauns (Shoals:3)
  A fire giant skeleton (D:15)
  A moth of wrath (D:7)
  3 black mambas
  7 manticores
  A guardian serpent (shapeshifter) (D:13)
  8 elephants
  An ice statue (IceCv)
  3 gargoyles
  2 water nymphs
  7 cane toads
  An efreet (D:14)
  Psyche (D:10)
  An unseen horror (D:10)
  A redback zombie (D:15)
  A freezing wraith (D:11)
  7 rime drakes
  A guardian mummy (D:15)
  9 komodo dragons
  A tengu conjurer (D:13)
  13 merfolk
  6 trolls
  A meliai (D:14)
  18 polar bears
  2 wind drakes
  4 raiju
  Grinder (D:3)
  23 blink frogs
  13 dream sheep
  8 slime creatures
  3 snapping turtles
  A spriggan zombie (D:15)
  A spriggan (Lair:2)
  A shadow (D:13)
  61 yaks
  6 water elementals
  7 wraiths
  12 wyverns
  A vampire (D:10)
  14 basilisks
  A human (shapeshifter) (D:15)
  A neqoxec (Lair:2)
  3 steam dragons
  8 vampire mosquitoes
  The ghost of pigah the Skirmisher, an amateur OpWn (D:3)
  5 wargs
  4 nagas (Lair:4)
  19 water moccasins
  5 acid dragons
  14 hell hounds (Lair:6)
  14 black bears
  A swamp drake (Lair:6)
  20 orc warriors
  8 ogres
  15 centaurs
  37 wolves
  6 bullfrogs
  A kobold brigand (D:7)
  A gnoll sergeant (D:7)
  6 scorpions
  A water moccasin skeleton (D:5)
  13 wights
  5 killer bees (D:8)
  3 electric eels
  2 howler monkeys
  A bullfrog zombie (D:5)
  6 centaur zombies
  2 gnoll shamans (D:7)
  4 hounds
  13 jellies
  A bullfrog skeleton (D:7)
  14 orc priests
  4 iguanas (Lair:6)
  19 orc wizards
  13 hell rats
  A killer bee zombie (D:9)
  A mummy (D:15)
  A howler monkey zombie (D:9)
  11 gnolls
  7 adders
  12 white imps (Lair:1)
  An ufetubus (D:6)
  2 adder skeletons (D:4)
  4 worms
  A dart slug (D:5)
  50 orcs
  3 ball pythons (D:3)
  4 endoplasms
  10 giant cockroaches
  7 goblins
  5 hobgoblins
  4 quokkas
  A bat (D:3)
  2 frilled lizards (D:2)
  7 kobolds
  2 rats
815 creatures vanquished.

Vanquished Creatures (others)
  An orc priest (Orc:2)
  An orc wizard (D:3)
  An orc (Orc:2)
  17 fungi
  70 plants
90 creatures vanquished.

Grand Total: 905 creatures vanquished

Notes
Turn   | Place    | Note
-------+----------+-------------------------------------------
     0 | D:1      | a11behringer the Gargoyle Fighter began the quest for the
                  | Orb.
     0 | D:1      | Reached XP level 1. HP: 14/14 MP: 1/1
   382 | D:1      | Reached XP level 2. HP: 19/19 MP: 2/2
   392 | D:1      | Found Lurig's Book Boutique.
  1003 | D:2      | You fall into a shaft and drop 1 floor!
  1008 | D:3      | Reached XP level 3. HP: 21/23 MP: 3/3
  1644 | D:2      | Found a faded altar of an unknown god.
  1811 | D:3      | Found a transporter.
  1811 | D:3      | Noticed pigah's ghost (amateur OpWn)
  1824 | D:3      | Found a transporter.
  1921 | D:3      | Noticed Grinder
  1938 | D:3      | Killed Grinder
  1939 | D:3      | Reached skill level 4 in Maces & Flails
  1939 | D:3      | Reached XP level 4. HP: 29/29 MP: 4/4
  1939 | D:3      | Reached XP level 5. HP: 33/33 MP: 5/5
  1939 | D:3      | Reached XP level 6. HP: 38/38 MP: 6/6
  2003 | D:3      | Found a glowing golden altar of the Shining One.
  2012 | D:3      | Became a worshipper of the Shining One
  2060 | D:3      | Killed pigah's ghost
  2061 | D:3      | Reached skill level 5 in Maces & Flails
  2352 | D:3      | Reached XP level 7. HP: 43/43 MP: 7/7
  2822 | D:4      | Found an ornate altar of the Wu Jian Council.
  2823 | D:4      | Found a sparkling altar of Nemelex Xobeh.
  2824 | D:4      | Found an ancient bone altar of Kikubaaqudgha.
  2839 | D:4      | Found an iron altar of Okawaru.
  2911 | D:4      | Found a staircase to the Ecumenical Temple.
  2998 | D:4      | Fell from the grace of the Shining One
  2998 | D:4      | Became a worshipper of Warmaster Okawaru
  3006 | D:4      | Reached skill level 6 in Maces & Flails
  3453 | D:5      | Entered Level 5 of the Dungeon
  3481 | D:5      | Reached skill level 1 in Invocations
  3485 | D:5      | Reached skill level 5 in Armour
  3540 | D:5      | Reached XP level 8. HP: 48/48 MP: 9/9
  3564 | D:5      | Reached skill level 7 in Maces & Flails
  3662 | D:5      | Reached * piety under Okawaru
  3723 | D:5      | Found Liqucipp's Weapon Shop.
  3768 | D:5      | You fall into a shaft and drop 3 floors!
  3768 | D:8      | Noticed a wyvern
  3781 | D:8      | Killed a wyvern
  3947 | D:8      | Reached skill level 8 in Maces & Flails
  3973 | D:8      | Found a bloodstained altar of Trog.
  4118 | D:7      | Reached XP level 9. HP: 29/53 MP: 11/11
  4159 | D:6      | Reached skill level 5 in Fighting
  4164 | D:6      | Reached ** piety under Okawaru
  4258 | D:6      | Reached skill level 9 in Maces & Flails
  4694 | D:6      | Found Dosom's Self-Improvement Boutique.
  4793 | D:6      | Reached skill level 5 in Shields
  4840 | D:6      | You fall into a shaft and drop 3 floors!
  5443 | D:8      | Noticed a two-headed ogre
  5454 | D:8      | Killed a two-headed ogre
  5455 | D:8      | Reached skill level 10 in Maces & Flails
  5455 | D:8      | Reached XP level 10. HP: 39/60 MP: 10/13
  5510 | D:8      | Found a staircase to the Lair.
  5672 | D:7      | Reached skill level 5 in Invocations
  5693 | D:7      | Noticed Pikel
  5706 | D:7      | Killed Pikel
  5706 | D:7      | Reached *** piety under Okawaru
  5770 | D:7      | Found a transporter.
  5770 | D:7      | Noticed AttackTheMoon's ghost (novice TeDe)
  5770 | D:7      | Noticed a moth of wrath
  5772 | D:7      | Noticed a two-headed ogre
  5784 | D:7      | Found a bloodstained altar of Trog.
  5788 | D:7      | Found a transporter.
  5843 | D:7      | Found a burning altar of Makhleb.
  5848 | D:7      | Found a glowing silver altar of Zin.
  5849 | D:7      | Noticed a green death
  5849 | D:7      | Noticed an angel
  6732 | D:8      | Received a gift from Okawaru
  6995 | D:8      | Reached skill level 11 in Maces & Flails
  7256 | D:9      | Noticed a cyclops
  7266 | D:9      | Killed a cyclops
  7582 | D:10     | Entered Level 10 of the Dungeon
  7585 | D:10     | Noticed Psyche
  7594 | D:10     | Killed Psyche
  7594 | D:10     | Reached **** piety under Okawaru
  7665 | D:10     | Killed an unseen horror
  7666 | D:10     | Reached XP level 11. HP: 42/66 MP: 15/15
  7766 | D:10     | Reached skill level 12 in Maces & Flails
  7772 | D:10     | You fall into a shaft and drop 3 floors!
  7779 | D:12     | Noticed Frances
  7782 | D:12     | Noticed a sixfirhy
  7820 | D:12     | Killed Frances
  8006 | D:12     | Reached ***** piety under Okawaru
  8550 | D:10     | Noticed Gastronok
  8573 | D:10     | Killed Gastronok
  8573 | D:10     | Received a gift from Okawaru
  8574 | D:10     | Reached skill level 13 in Maces & Flails
  8585 | D:10     | Identified the ring "Sim Tott" {rC+ Str+6}
  8798 | D:11     | Noticed a brown ugly thing
  8809 | D:11     | Killed a brown ugly thing
  8835 | D:11     | Noticed a tengu warrior
  8836 | D:11     | Noticed a tengu warrior
  8861 | D:11     | Killed a tengu warrior
  8867 | D:11     | Killed a tengu warrior
  9063 | D:11     | Noticed a two-headed ogre
  9073 | D:11     | Killed a two-headed ogre
  9073 | D:11     | Received a gift from Okawaru
  9074 | D:11     | Reached skill level 14 in Maces & Flails
  9074 | D:11     | Reached XP level 12. HP: 43/73 MP: 16/16
  9137 | D:11     | Reached skill level 10 in Armour
  9157 | D:11     | Noticed a rakshasa
  9214 | D:11     | Killed a rakshasa
  9215 | D:11     | Reached skill level 1 in Bows
  9617 | D:12     | Found a white marble altar of Elyvilon.
  9704 | D:12     | Found Xoat's Weapon Emporium.
  9709 | D:12     | Found a staircase to the Orcish Mines.
  9799 | D:12     | Noticed a centaur warrior
  9820 | D:12     | Killed a centaur warrior
 10359 | D:13     | Noticed a six-headed hydra
 10369 | D:13     | Received a gift from Okawaru
 10385 | D:13     | Killed a six-headed hydra
 10475 | D:13     | Noticed a centaur warrior
 10476 | D:13     | Noticed a death knight
 10493 | D:13     | Killed a death knight
 10502 | D:13     | Killed a centaur warrior
 10631 | D:13     | Reached skill level 15 in Maces & Flails
 10679 | D:13     | Noticed an eight-headed hydra
 10936 | D:13     | Killed an eight-headed hydra
 10999 | D:13     | Found a gate to the Vaults.
 11011 | D:13     | Reached XP level 13. HP: 69/80 MP: 17/17
 11311 | D:14     | Identified the +7 demon whip of Dung {freeze, Fragile rF+
                  | Will+ Int+4} (Okawaru gifted it to you on level 14 of the
                  | Dungeon)
 11311 | D:14     | Received a gift from Okawaru
 11324 | D:14     | Reached skill level 10 in Fighting
 11469 | D:14     | Noticed Josephine
 11482 | D:14     | Killed Josephine
 11594 | D:14     | Noticed an ice dragon
 11599 | D:14     | Received a gift from Okawaru
 11600 | D:14     | Reached skill level 5 in Bows
 11621 | D:14     | Killed an ice dragon
 11676 | D:14     | Noticed a rakshasa
 11705 | D:14     | Killed a rakshasa
 11868 | D:13     | Reached skill level 16 in Maces & Flails
 11944 | D:14     | Identified the +1 robe "Hetoid" {rC+ Dex+7} (Okawaru gifted
                  | it to you on level 14 of the Dungeon)
 11944 | D:14     | Received a gift from Okawaru
 12083 | D:14     | Gained mutation: Your large and strong wings let you fly.
                  | [Gargoyle growth]
 12083 | D:14     | Reached XP level 14. HP: 72/90 MP: 12/18
 12093 | D:14     | Found Mysus's Firing Range.
 12613 | D:14     | Identified the +5 whip "Saoskono" {drain, rElec Str-2 SInv}
 12613 | D:14     | Identified the amulet of Moodiness {RegenMP Rampage +Inv}
 13507 | D:15     | Entered Level 15 of the Dungeon
 13507 | D:15     | Found a staircase to the Depths.
 13508 | D:15     | Noticed a ghoul
 13527 | D:15     | Killed a ghoul
 13535 | D:15     | Reached skill level 1 in Evocations
 13560 | D:15     | Reached skill level 17 in Maces & Flails
 13581 | D:15     | Received a gift from Okawaru
 14582 | D:1      | Bought a book of Geomancy for 180 gold pieces
 14820 | Orc:1    | Entered Level 1 of the Orcish Mines
 14840 | Orc:1    | Noticed Fannar
 14841 | Orc:1    | Found an iron altar of Okawaru.
 14852 | Orc:1    | Killed Fannar
 15221 | Orc:2    | Entered Level 2 of the Orcish Mines
 15314 | Orc:2    | Found Ila Cuy's Jewellery Shop.
 15407 | Orc:2    | Found a staircase to the Elven Halls.
 15433 | Orc:2    | Received a gift from Okawaru
 15446 | Orc:1    | Reached XP level 15. HP: 95/97 MP: 16/19
 15707 | Orc:2    | Noticed Rupert
 15742 | Orc:2    | Killed Rupert
 15835 | Orc:2    | Found Ecraqani's General Store.
 15835 | Orc:2    | Found Ymuqer's Weapon Shop.
 15837 | Orc:2    | Found Himat's Jewellery Emporium.
 15837 | Orc:2    | Found Siblou Detsu's Magic Scroll Shop.
 15843 | Orc:2    | Bought a potion of heal wounds for 60 gold pieces
 15850 | Orc:2    | Bought a scroll of teleportation for 39 gold pieces
 15850 | Orc:2    | Bought a scroll of blinking for 97 gold pieces
 16025 | Orc:2    | Found Otiy's Overcharged Wands.
 16034 | Orc:2    | Bought a wand of digging (15) for 646 gold pieces
 16243 | Elf:1    | Entered Level 1 of the Elven Halls
 16257 | Elf:1    | Reached skill level 18 in Maces & Flails
 16475 | Lair:1   | Entered Level 1 of the Lair of Beasts
 16606 | Lair:1   | Found a frozen archway.
 16641 | IceCv    | Entered an ice cave
 16844 | IceCv    | Received a gift from Okawaru
 17021 | IceCv    | Identified the amulet of Equivalence {Reflect Str+2 Dex+7
                  | SH+5 Stlth-}
 17502 | Lair:1   | Received a gift from Okawaru
 18197 | Lair:2   | Found a transporter.
 18402 | D:7      | Killed AttackTheMoon's ghost
 18778 | Lair:2   | Identified the +1 plate armour of the Dwarven Hall {rCorr}
                  | (Okawaru gifted it to you on level 2 of the Lair of Beasts)
 18778 | Lair:2   | Received a gift from Okawaru
 18831 | Lair:2   | Found a transporter.
 18853 | Lair:2   | Found a one-way gate to the infinite horrors of the Abyss.
 18863 | Lair:2   | Noticed Upleoris's ghost (journeyman TrMo)
 19265 | Lair:2   | Noticed Erica
 19274 | Lair:2   | Killed Erica
 19521 | Lair:2   | Reached XP level 16. HP: 91/105 MP: 12/20
 19536 | Lair:2   | Reached skill level 5 in Evocations
 19549 | Lair:2   | Reached skill level 19 in Maces & Flails
 19555 | Lair:2   | Killed Upleoris's ghost
 19750 | Lair:3   | You are sucked into a shaft and drop 3 floors!
 19750 | Lair:6   | Entered Level 6 of the Lair of Beasts
 19779 | Lair:4   | Found a staircase to the Shoals.
 20810 | Lair:4   | Found a staircase to the Snake Pit.
 20931 | Lair:4   | Received a gift from Okawaru
 21914 | Lair:5   | Found a transporter.
 21959 | Lair:5   | Found a transporter.
 21959 | Lair:5   | Noticed Sorchofoz's ghost (journeyman OpBe)
 22330 | Lair:5   | Killed Sorchofoz's ghost
 22850 | Lair:6   | Reached skill level 15 in Fighting
 22860 | Lair:6   | Reached skill level 20 in Maces & Flails
 23155 | Lair:6   | Found a staircase to the Slime Pits.
 23174 | Lair:6   | Reached skill level 15 in Armour
 23435 | Lair:6   | Received a gift from Okawaru
 23485 | Lair:6   | Reached XP level 17. HP: 113/113 MP: 21/21
 24131 | Shoals:1 | Entered Level 1 of the Shoals
 25171 | Shoals:2 | Received a gift from Okawaru
 25364 | Shoals:2 | Noticed Mlioglotl
 25365 | Shoals:2 | Noticed a profane servitor
 25378 | Shoals:2 | Killed Mlioglotl
 25392 | Shoals:2 | Reached ****** piety under Okawaru
 26194 | Shoals:3 | Noticed Mara
 26224 | Shoals:3 | Identified the +4 shortbow "Piesirai" {venom, rF+ rC++
                  | Int+7} (Okawaru gifted it to you on level 3 of the Shoals)
 26224 | Shoals:3 | Received a gift from Okawaru
 26225 | Shoals:3 | Reached skill level 21 in Maces & Flails
 26228 | Shoals:3 | Noticed a11behringer's illusion
 26272 | Shoals:3 | Slain by a snapping turtle

Illustrated notes

Levels and vault maps discovered:
D:1:      nicolae_arrival_memento_mori, layout_basic, serial_shops,
          nicolae_shop_waterfront, hangedman_decor_peaks_small, nrook_campfire,
          hangedman_decor_push, minmay_worlds_worst_comb
D:2:      layout_loops_cross, shapermc_ecumenical_altar_hornbeckon
D:3:      layout_basic, tso_altar, gammafunk_ghost_arena, uniq_grinder
D:4:      layout_cave_pods, nicolae_overflow_quartered_altars,
          minmay_temple_entry_crystal_x, corexii_hall_statues_x,
          grunt_ministairs_9
D:5:      layout_loops_ring, serial_shops, nicolae_take_the_stairs
D:6:      layout_rooms, nicolae_shop_self_help
D:7:      layout_basic, grunt_temple_overflow_order_and_chaos_2,
          gammafunk_ghost_wrathful_warriors, uniq_pikel
D:8:      layout_cave_pods, bloody_trog, david_lair_shrubbed, minivault_11,
          small_chamber_with_monster, roderic_roman_lattice
D:9:      layout_loops_ring
D:10:     layout_basic, uniq_psyche, uniq_gastronok
D:11:     layout_cave_pods, st_stairs_8
D:12:     layout_loops_ring, david_orc_2, serial_rivers,
          chequers_serial_rivers_marsh, chequers_serial_rivers_marsh,
          chequers_serial_rivers_small_a, chequers_serial_rivers_small_3,
          serial_shops, shop_fountains, elyvilon_altar_4, uniq_frances
D:13:     kennysheep_big_flooded_room, layout_cave_pools, erik_vaults_1,
          grunt_ministairs_6, serial_park_tiny_1
D:14:     minmay_the_grid_4x2 [minmay_the_grid_zigzag_pyramid,
          minmay_the_grid_embedded, minmay_the_grid_garden,
          minmay_the_grid_square_x, minmay_the_grid_x,
          minmay_the_grid_outer_diamond, minmay_the_grid_outer_circle,
          minmay_the_grid_prize_shrinking_boxes], layout_layer_cave,
          nicolae_shop_firing_range, uniq_josephine
D:15:     gammafunk_depths_entry_grave, layout_cave_pools, serial_undead,
          serial_undead_d, serial_undead_f, serial_undead_a, serial_undead_c,
          chequers_serial_rivers_small_3
Lair:1:   layout_chaotic_city, portal_ice_cave_entry_imps
Lair:2:   layout_cave_pods, gammafunk_ghost_abyssal_escape, uniq_erica
Lair:3:   layout_roguey
Lair:4:   layout_cave_pods, minmay_shoals_entry_beasts,
          minmay_snake_entry_guardpost_small, special_room
          [special_room_mythical_zoo]
Lair:5:   layout_gridlike, nzn_ghost_randoct
Lair:6:   guppyfry_lair_end_dragon, layout_misc_corridors,
          hangedman_lair_caniforms_friends, minmay_slime_entry_jelly_boxes,
          serial_bayou_lagoon_b, lemuel_fruit_fields
Shoals:1: layout_shoals, nicolae_shoals_so_close
Shoals:2: layout_shoals, uniq_mlioglotl
Shoals:3: layout_shoals, lemuel_altar_in_water, uniq_mara
Orc:1:    layout_diamond_mine, basic_altar, okawaru_metal_pillars_1_2,
          uniq_fannar
Orc:2:    grunt_orc_tribal_feast, layout_caves, nicolae_orc_rockfall,
          minmay_shop_enchanted_jewellery, nicolae_shop_overcharged_wands,
          uniq_rupert
Elf:1:    eino_elf_arrival_altar, layout_loops_corners, serial_shops, shop,
          infiniplex_enter_wizlab_spiral

Skill      XL: |  1  2  3  4  5  6  7  8  9 10 11 12 13 14 15 16 17 |
---------------+----------------------------------------------------+-----
Maces & Flails | 4 5 6 8 10 11 14 15 16 17 18 20 21 | 21.0
Armour         | 4 5 6 7 8 9 11 12 13 14 15 | 15.4
Shields        | 4 5 |  5.7
Fighting       | 4 5 6 7 9 11 12 13 15 16 | 16.0
Invocations    | 1 3 4 6 |  6.3
Bows           | 3 5 6 |  6.4
Evocations     | 2 4 6 |  6.1
Dodging        | |  0.8

Action                   |  1- 3 |  4- 6 |  7- 9 | 10-12 | 13-15 | 16-18 || total
-------------------------+-------+-------+-------+-------+-------+-------++-------
Melee: Flail             |    41 |       |       |       |       |       ||    41
       Mace              |    62 |    49 |   296 |   761 |   285 |       ||  1453
       Demon whip        |       |       |       |       |   969 |   945 ||  1914
Invok: Heroism           |       |       |     2 |    15 |    27 |    13 ||    57
       Finesse           |       |       |       |     6 |    14 |     3 ||    23
  Use: Potion            |     1 |       |       |     2 |     1 |     1 ||     5
       Scroll            |       |       |    15 |    12 |     4 |     4 ||    35
 Stab: Petrifying        |       |       |       |       |       |     2 ||     2
       Petrified         |       |       |       |       |       |     1 ||     1
Armor: Chain mail        |    54 |       |       |       |       |       ||    54
       Plate armour      |    19 |    62 |   232 |   651 |   656 |   488 ||  2108
       Skin              |     1 |       |       |       |       |       ||     1
Dodge: Dodged            |    32 |    28 |    99 |   292 |   333 |   316 ||  1100
Block: Buckler           |    30 |    24 |    61 |   200 |   429 |   617 ||  1361
       Reflection        |       |       |       |       |     1 |    24 ||    25

Table legend: (Time is in decaauts)
 A = Elapsed time spent in this place.
 B = Non-inter-level travel time spent in this place.
 C = Inter-level travel time spent in this place.
 D = Time resting spent in this place.
 E = Time spent auto-exploring this place.
 F = Levels seen in this place.
 G = Mean time per level.
                   A        B        C        D        E       F      G
               +--------+--------+--------+--------+--------+-----+--------+
         Total |  24966 |  19283 |   5683 |      0 |  14146 |  28 |  891.6 |
       Dungeon |  14813 |  11345 |   3468 |      0 |   8361 |  15 |  987.5 |
          Lair |   6073 |   4559 |   1514 |      0 |   3406 |   6 | 1012.2 |
        Shoals |   2005 |   1750 |    255 |      0 |   1394 |   3 |  668.3 |
  Orcish Mines |   1370 |    927 |    443 |      0 |    662 |   2 |  685.0 |
   Elven Halls |     26 |     24 |      2 |      0 |      0 |   1 |   26.0 |
      Ice Cave |    676 |    676 |      0 |      0 |    323 |   1 |  676.0 |
               +--------+--------+--------+--------+--------+-----+--------+

Top non-repeatable levels by time:
    D:14: 2053 daAuts
     D:8: 1408 daAuts
  Lair:6: 1276 daAuts
  Lair:4: 1157 daAuts
  Lair:2: 1127 daAuts
    D:12: 1118 daAuts
Shoals:2: 1075 daAuts
     D:7: 1057 daAuts
     D:2: 1002 daAuts
     D:1: 945 daAuts
     D:4: 927 daAuts
    D:13: 899 daAuts
   Orc:2: 897 daAuts
    D:10: 880 daAuts
    D:11: 876 daAuts
